Map: 16 bits EC

Players

HoldTheDoor

  • Race: Protoss Protoss
  • League: Diamond
  • Spawn Location: 1:00

Beercules - Winner!

  • Race: Terran Terran
  • League: Diamond
  • Spawn Location: 7:00

VOD

Have the link to the VOD?

Description

Time

  • Played on: July 8, 2018, 4:43 a.m.
  • Length: 6:42
Show
View Real Time Build Order
Export as new Build Order

HoldTheDoor Protoss 

Build Orders: Double Forge 

Get SALT Encoding   

  12  0:01  Probe  
  13  0:13  Probe  
  14  0:18  Pylon  
  14  0:25  Probe  
  15  0:35  Probe  
  15  0:36  Gateway  
  16  0:43  Probe  
  17  0:52  Assimilator  
  17  0:55  Assimilator  
  17  0:56  Probe  
  18  1:08  Probe  
  19  1:13  Gateway  
  19  1:20  Probe  
  20  1:27  Cybernetics Core  
  20  1:40  Probe  
  20  1:45  Pylon  
  21  1:52  Probe  
  22  1:58  Warp Gate  
  22  2:04  Stalker  
  22  2:06  Stalker  
  26  2:09  Probe  
  26  2:15  Pylon  
  27  2:21  Probe  
  28  2:34  Stalker, Probe  
  28  2:36  Stalker  
  33  2:46  Probe  
  34  2:52  Gateway  
  34  2:57  Robotics Facility  
  34  2:59  Probe  
  35  3:41  Warp Prism  
  35  3:43  Probe  
  35  3:47  Nexus  
  36  3:55  Pylon  
  38  3:58  Probe  
  38  3:59  Pylon  
  39  4:04  Forge  
  39  4:11  Forge  
  39  4:18  Observer  
  39  4:20  Probe  
  41  4:29  Pylon  
  41  4:32  Stalker, Probe  
  41  4:34  Sentry  
  46  4:44  Probe  
  47  4:56  Probe  
  47  4:57  Adept x2  
  52  5:07  Probe  
  52  5:08  Probe  
  54  5:26  Assimilator, Pylon  
  54  5:28  Pylon  
  54  5:31  Adept  
  54  5:33  Adept  
  58  5:58  Immortal  
  62  6:17  Robotics Bay  
  56  6:20  Adept x2  
Show
View Real Time Build Order
Export as new Build Order

Beercules Terran - Winner!

Build Orders:  

Get SALT Encoding   

  12  0:02  SCV  
  13  0:15  SCV  
  13  0:19  Supply Depot  
  14  0:27  SCV  
  15  0:41  Barracks  
  15  0:43  SCV  
  15  0:48  Refinery  
  16  0:55  SCV  
  17  1:07  SCV  
  18  1:19  SCV  
  19  1:32  Orbital Command  
  19  1:36  Barracks Reactor  
  19  1:45  Command Center  
  19  1:56  Barracks  
  19  1:59  SCV  
  20  2:10  Supply Depot  
  20  2:11  SCV  
  20  2:13  Marine  
  22  2:17  Marine  
  23  2:29  Factory  
  23  2:32  SCV  
  23  2:34  Marine  
  23  2:35  Marine  
  26  2:39  Refinery  
  27  2:44  SCV  
  27  2:48  Barracks Tech Lab  
  27  2:52  Marine  
  27  2:56  SCV  
  29  3:01  Orbital Command  
  29  3:08  SCV, Stimpack  
  30  3:21  Marine x2  
  32  3:30  Marauder  
  32  3:34  SCV x2, Starport  
  35  3:39  Factory Reactor  
  35  3:41  Marine x2  
  36  3:46  SCV x2  
  36  3:48  Supply Depot  
  40  3:56  Marauder  
  40  3:59  SCV, Marine x2  
  40  4:00  SCV  
  46  4:11  SCV  
  46  4:17  Supply Depot  
  47  4:21  Marine x2  
  47  4:23  Marine  
  50  4:26  Medivac x2  
  54  4:33  Supply Depot  
  54  4:37  Factory Tech Lab  
  56  4:38  SCV x2  
  56  4:45  Supply Depot  
  56  4:50  SCV x2  
  56  4:51  Marine x2  
  56  4:52  Marine  
  61  5:06  Command Center  
  61  5:13  Marine x3  
  64  5:15  Siege Tank  
  64  5:17  SCV x2  
  64  5:20  Refinery  
  69  5:21  Refinery  
  69  5:29  SCV x2  
  69  5:30  Marine  
  69  5:31  Marine  
  69  5:32  Marauder  
  75  5:41  SCV  
  75  5:42  SCV  
  77  5:44  Supply Depot  
  77  5:45  Supply Depot  
  76  5:51  Siege Tank  
Tags
 
Add a new tag
Caveats
  • Supply blocks, unpowered buildings, or Contaminate may cause inaccurate times.
  • Supply counts are checked every 10 seconds.